 Dungeon Crawl Stone Soup version 0.18-a0-119-g02a7081 (webtiles) character file.

92 Proton the Chopper (level 4, 0/40 HPs)
             Began as a Deep Dwarf Fighter on Nov 19, 2015.
             Was an Initiate of Ru.
             Succumbed to a kobold's poison
             ... on level 3 of the Dungeon.
             The game lasted 00:02:31 (1333 turns).

Proton the Chopper (Deep Dwarf Fighter)             Turns: 1333, Time: 00:02:31

Health: 0/40       AC:  8    Str: 21      XL:     4   Next: 35%
Magic:  4/4        EV:  9    Int:  6 (8)  God:    Ru [......]
Gold:   77         SH:  0    Dex: 12      Spells: 0 memorised, 3 levels left

rFire  . . .     SeeInvis .     a - +0 war axe
rCold  . . .     Clarity  .     b - +0 scale mail
rNeg   . . .     SustAt   .     (no shield)
rPois  .         Gourm    .     r - +0 helmet
rElec  .         Spirit   .     (no cloak)
rCorr  .         Warding  .     (no gloves)
rMut   .         Stasis   .     (no boots)
MR     .....                    (no amulet)
Stlth  ..........               (no ring)
                                (no ring)

@: lethally poisoned (0 -> -17), non-regenerating, not resistant to hostile
enchantments, extremely unstealthy
A: damage resistance, recharge devices, sense surroundings 1, slow regeneration
3
a: Device Recharging, Renounce Religion


You were on level 3 of the Dungeon.
You worshipped Ru.
Ru was noncommittal.
You were not hungry.

You visited 1 branch of the dungeon, and saw 3 of its levels.

You collected 77 gold pieces.

Inventory:

Hand Weapons
 a - a +0 war axe (weapon)
Armour
 b - a +0 scale mail (worn)
 r - a +0 helmet (worn)
Jewellery
 p - an uncursed amulet of the gourmand {unknown}
Wands
 e - a wand of heal wounds (4)
Scrolls
 c - 4 scrolls of remove curse {unknown}
 g - 2 scrolls of identify {unknown}
 h - 2 scrolls of teleportation {unknown}
 i - a scroll of fog {unknown}
 s - a scroll of enchant armour {unknown}
Potions
 d - 2 potions of might
 n - 2 potions of curing {unknown}
 o - a potion of haste {unknown}
 q - 2 potions of flight {unknown}
Comestibles
 j - 3 fruits
 l - a slice of pizza
 m - a meat ration


   Skills:
 - Level 2.6 Fighting
 * Level 4.3 Axes
 + Level 4.2 Armour
   Level 3.2 Shields


You had 3 spell levels left.
You didn't know any spells.

Dungeon Overview and Level Annotations

Branches:
Dungeon (3/15)

Altars:
Ru


Innate Abilities, Weirdness & Mutations

You are resistant to damage.
You can recharge devices by infusing magical energy.
You passively map a small area around you.
You do not regenerate naturally.


Message History

You are too injured to fight recklessly!
You are too injured to fight recklessly!
You are too injured to fight recklessly!
You are too injured to fight recklessly!
You are too injured to fight recklessly!
You are too injured to fight recklessly!
You are too injured to fight recklessly!
You are too injured to fight recklessly!
You are too injured to fight recklessly!
You are too injured to fight recklessly!
You are too injured to fight recklessly!
You are too injured to fight recklessly!
You are too injured to fight recklessly!
You are too injured to fight recklessly!
You are too injured to fight recklessly!
Drink which item? (? for menu, Esc to quit)
It was a potion of degeneration.
There was something very wrong with that liquid.
You feel dopey.
You die...

* #....#.#### *
* .$........
#.......### *
#......... * *
#......# #,
#......##.#
#.(....<..# * *
#..((((####o####
#......(@Koo..o.
, *
################
** , * * * , * *
*, , , , ,, , *
, , ,,* , , ,, *
, ,, * , ,, , ,


You could see an orc priest, 3 orcs and a kobold.

Vanquished Creatures
  A gnoll (D:1)
  4 adders (D:2)
  2 worms (D:2)
  3 giant geckos
  A giant cockroach (D:1)
  5 goblins
  4 hobgoblins (D:1)
  3 jackals (D:2)
  8 bats
  A giant newt (D:1)
  6 kobolds
  3 rats (D:1)
41 creatures vanquished.

Notes
Turn   | Place    | Note
--------------------------------------------------------------
     0 | D:1      | Proton the Deep Dwarf Fighter began the quest for the Orb.
     0 | D:1      | Reached XP level 1. HP: 20/20 MP: 1/1
   183 | D:1      | Reached XP level 2. HP: 18/27 MP: 2/2
   430 | D:1      | Reached XP level 3. HP: 22/33 MP: 3/3
   848 | D:2      | Reached skill level 4 in Armour
   934 | D:2      | Found a sacrificial altar of Ru.
   942 | D:2      | Became a worshipper of Ru the Awakened
   963 | D:2      | Reached XP level 4. HP: 10/40 MP: 4/4
  1333 | D:3      | Succumbed to a kobold's poison

Vault maps used:
D:1:      co_arrival_square_in_a_square_in_a_square, kennysheep_flooded_box
D:2:      lemuel_crystal_altar
D:3:      kennysheep_six_static_rooms, ecumenical_altar_1, first_bread,
          serial_park_tiny_1, st_stairs_10

Action                   |  1- 3 |  4- 6 || total
-------------------------+-------+-------++-------
Melee: War axe           |   112 |    26 ||   138
Evoke: Wand              |       |     1 ||     1
  Use: Potion            |       |     1 ||     1
  Eat: Bread ration      |       |     1 ||     1
